 Dungeon Crawl Stone Soup version 0.26-a0-690-gcb57259078 (webtiles) character file.

Game seed: 14493583979866235453

18694 robertstho the Destroyer (level 12, -5/92 HPs)
             Began as a Gnoll Conjurer on Oct 23, 2020.
             Was an Elder of Sif Muna.
             Shot with an arrow by a centaur warrior (10 damage)
             ... on level 13 of the Dungeon.
             The game lasted 00:48:26 (16946 turns).

robertstho the Destroyer (Gnoll Conjurer)          Turns: 16946, Time: 00:48:27

Health: -5/92      AC: 13    Str: 11    XL:     12   Next: 61%
Magic:  20/25      EV: 21    Int: 25    God:    Sif Muna [****..]
Gold:   374        SH:  0    Dex: 13    Spells: 10/29 levels left

rFire    . . .     SeeInvis .   M - +0 broad axe (freeze)
rCold    . . .     Faith    .   (no shield)
rNeg     . . .     Spirit   .   c - +0 troll leather armour
rPois    .         Reflect  .   n - +1 helmet
rElec    .         Harm     .   m - +0 cloak
rCorr    .         Rampage  .   y - +1 pair of gloves
MR       .....                  l - +1 pair of boots
Stlth    ++++......             (no amulet)
HPRegen  0.65/turn              u - +4 ring of evasion
MPRegen  0.19/turn              U - ring of wizardry

@: no status effects
A: distributed training, fangs 1, strong nose
a: Channel Magic, Forget Spell, Divine Exegesis, Renounce Religion


You were on level 13 of the Dungeon.
You worshipped Sif Muna.
Sif Muna was greatly pleased with you.
You visited 1 branch of the dungeon, and saw 13 of its levels.

You collected 887 gold pieces.
You spent 513 gold pieces at shops.

Inventory:

Hand Weapons
 h - a +2 mace of protection
 q - a +0 short sword of venom
 z - a +0 hand axe of electrocution
 M - a +0 broad axe of freezing (weapon)
 X - a +3 scimitar of flaming
Missiles
 f - 58 poisoned darts (quivered)
 H - 2 silver boomerangs
 J - 7 curare-tipped darts
Armour
 c - a +0 troll leather armour (worn)
 l - a +1 pair of boots (worn)
 m - a +0 cloak (worn)
 n - a +1 helmet (worn)
 y - a +1 pair of gloves (worn)
 K - a +2 leather armour of fire resistance
Magical Staves
 V - an uncursed staff of air
Jewellery
 s - a +4 ring of protection
 u - a +4 ring of evasion (left hand)
 x - an uncursed ring of protection from fire
 A - an uncursed ring of positive energy
 S - a +4 ring of evasion
 T - a +4 ring of protection
 U - a ring of wizardry (right hand)
Wands
 o - a wand of enslavement (10)
 v - a wand of acid (10)
 L - a wand of digging (6)
 R - a wand of iceblast (20)
Scrolls
 d - 8 scrolls of immolation
 e - 3 scrolls of remove curse
 j - 3 scrolls of teleportation
 r - 3 scrolls of enchant armour
 D - 2 scrolls of magic mapping
 E - 3 scrolls of blinking
 F - 2 scrolls of fog
 G - 3 scrolls of fear
 N - 2 scrolls of enchant weapon
 O - a scroll of silence
 W - 4 scrolls of identify
Potions
 a - 3 potions of brilliance
 b - 9 potions of curing
 g - 2 potions of mutation
 i - 2 potions of stabbing
 k - 3 potions of flight
 p - 3 potions of lignification
 t - a potion of ambrosia
 w - a potion of heal wounds
 B - 2 potions of invisibility
 I - a potion of cancellation
 P - a potion of haste
Miscellaneous
 C - a lightning rod (4/4)
 Q - a tin of tremorstones (3/3)


   Skills:
 + Level 7.7 Fighting
 + Level 7.7 Short Blades
 + Level 7.7 Long Blades
 + Level 7.7 Axes
 + Level 7.7 Maces & Flails
 + Level 7.7 Polearms
 + Level 7.7 Staves
 + Level 7.7 Slings
 + Level 7.7 Bows
 + Level 7.7 Crossbows
 + Level 7.7 Throwing
 + Level 7.7 Armour
 + Level 9.1 Dodging
 + Level 8.9 Stealth
 + Level 7.7 Shields
 + Level 7.7 Unarmed Combat
 + Level 9.3 Spellcasting
 + Level 9.6 Conjurations
 + Level 6.4 Hexes
 + Level 6.4 Summonings
 + Level 6.4 Necromancy
 + Level 6.4 Translocations
 + Level 6.4 Transmutations
 + Level 6.4 Fire Magic
 + Level 6.4 Ice Magic
 + Level 6.4 Air Magic
 + Level 6.4 Earth Magic
 + Level 6.4 Poison Magic
 + Level 8.4 Invocations
 + Level 7.7 Evocations


You had 10 spell levels left.
You knew the following spells:

 Your Spells              Type           Power        Failure   Level
a - Magic Dart            Conj           ####         1%          1
b - Searing Ray           Conj           ######       1%          2
c - Dazzling Flash        Conj/Hex       ######       1%          3
d - Fulminant Prism       Conj/Hex       ######....   1%          4
e - Iskenderun's Mystic   Conj/Tloc      ######..     1%          4
f - Metabolic Englaciati  Hex/Ice        #####.....   5%          5

Your spell library contained the following spells:

 Spells                   Type           Power        Failure   Level
 Corona                   Hex            #####..      1%          1
 Foxfire                  Conj/Fire      ####         1%          1
 Slow                     Hex            #####...     1%          2
 Inner Flame              Hex/Fire       #####...     1%          3
 Portal Projectile        Hex/Tloc       #####.       1%          3
 Static Discharge         Conj/Air       ######..     1%          3
 Summon Guardian Golem    Hex/Summ       #####...     1%          3
 Cause Fear               Hex            #####.....   1%          4
 Leda's Liquefaction      Hex/Erth       #####.....   1%          4
 Lightning Bolt           Conj/Air       ######....   2%          5
 Summon Demon             Summ           #####.....   5%          5
 Summon Forest            Summ/Tloc      #####.....   5%          5
 Summon Mana Viper        Hex/Summ       #####...     5%          5
 Shadow Creatures         Summ           N/A          28%         6
 Summon Hydra             Summ           #####.....   82%         7
 Discord                  Hex            #####.....   100%        8
 Ignition                 Fire           #####.....   100%        8
 Shatter                  Erth           #####.....   100%        9
 Tornado                  Air            #####.....   100%        9


Dungeon Overview and Level Annotations

Branches:
Dungeon (13/15)            Temple (0/1) D:7            Lair (0/6) D:11
    Orc (0/2) D:11
 Vaults: D:13-14

Altars:
Cheibriados
Dithmenos
Gozag
Makhleb
Okawaru
Ru
Sif Muna
Trog
Uskayaw
Vehumet
Xom
Yredelemnul

Shops:
D:8 [(??*

Annotations:
D:8 scroll shop
D:10 1 runed translucent door, Sin92's ghost, journeyman DsFi


Innate Abilities, Weirdness & Mutations

Your experience applies equally to all skills.
You have very sharp teeth.
Your uncanny sense of smell can sniff out nearby items.


Message History

Aim: a centaur warrior, wielding a +0 shortbow and quivering 6 arrows The searing ray hits the centaur warrior!
The centaur warrior is moderately wounded. (Press . to maintain the ray.)
The centaur warrior shoots an arrow.
The arrow closely misses you.
The centaur warrior shoots an arrow.
The arrow hits you!
* * * LOW HITPOINT WARNING * * *
The searing ray hits the centaur warrior!
The centaur warrior is heavily wounded.
The centaur warrior shoots an arrow.
The arrow hits you!
* * * LOW HITPOINT WARNING * * *
The searing ray hits the centaur warrior!
The centaur warrior is heavily wounded.
The centaur warrior shoots an arrow.
The arrow hits you!
* * * LOW HITPOINT WARNING * * *
The searing ray hits the centaur warrior!
The centaur warrior is almost dead.
You finish channeling your searing ray.
The centaur warrior shoots an arrow.
The arrow hits you!
You die...

......#...<.....#
.#.#...#.###.###.#
.#.#............c.#
#.#.#...####...####
.#.#.#.#.###).*#
#°#○#)#c...(#.##
#R#.#.#((.†#C#
#*#.#...)(#.#
#.#.#@(((#.#
#.#.#####.# .#.#.#
.# #.#.## .#
#.#.#.# #.#.# ##
#.#.# #.#.# .#.#


You could see a centaur warrior.

Vanquished Creatures
  2 two-headed ogres
  An ugly thing (D:11)
  A manticore (D:11)
  2 cyclopes
  2 centaur zombies
  A gargoyle (D:12)
  2 komodo dragons
  2 efreet (D:13)
  A meliai (D:10)
  2 trolls
  Prince Ribbit (D:7)
  A hornet (D:8)
  2 slime creatures (D:5)
  3 shadows (D:11)
  10 yaks
  2 wraiths
  Sigmund (D:2)
  2 steam dragons
  A two-headed ogre zombie (D:11)
  An acid dragon (D:11)
  Duvessa (D:7)
  A water moccasin (D:9)
  2 black bears
  5 orc warriors
  6 ice beasts
  3 sky beasts
  An eye of draining (D:9)
  2 phantoms
  9 ogres
  5 centaurs
  5 big kobolds
  14 bullfrogs
  A water moccasin zombie (D:10)
  A wyvern skeleton (D:11)
  A troll zombie (D:11)
  Dowan (D:7)
  4 scorpions
  A water moccasin skeleton (D:8)
  9 killer bees
  9 wights
  7 howler monkeys
  2 electric eels (D:7)
  6 orc priests
  A bullfrog skeleton (D:12)
  8 jellies
  Crazy Yiuf (D:2)
  10 orc wizards
  3 centaur skeletons
  5 iguanas
  7 worker ants
  A killer bee zombie (D:8)
  5 ogre zombies (D:11)
  2 hound zombies
  2 hound skeletons
  Robin (D:2)
  A worker ant zombie (D:6)
  14 adders
  8 gnolls
  A white imp (D:5)
  6 oozes
  An adder skeleton (D:4)
  3 worms
  2 dart slugs
  8 leopard geckos
  35 orcs
  2 ball pythons
  8 bats
  6 giant cockroaches
  13 hobgoblins
  16 jackals
  26 kobolds
  4 quokkas
  3 frilled lizards
  18 goblins
  A goblin skeleton (D:11)
  A goblin zombie (D:11)
  A hobgoblin skeleton (D:11)
  3 hobgoblin zombies (D:11)
  2 leopard gecko skeletons
  2 orc skeletons (D:11)
  15 orc zombies (D:11)
  8 rats
390 creatures vanquished.

Vanquished Creatures (others)
  239 fulminant prisms
  9 fungi
  36 plants
  9 toadstools (D:5)
293 creatures vanquished.

Grand Total: 683 creatures vanquished

Notes
Turn   | Place    | Note
-------+----------+-------------------------------------------
     0 | D:1      | robertstho the Gnoll Conjurer began the quest for the Orb.
     0 | D:1      | Reached XP level 1. HP: 13/13 MP: 6/6
   138 | D:1      | Reached XP level 2. HP: 20/20 MP: 1/7
   434 | D:2      | Reached XP level 3. HP: 20/25 MP: 7/9
   501 | D:2      | Reached skill level 5 in Spellcasting
   505 | D:2      | Learned a level 2 spell: Searing Ray
   509 | D:2      | Learned a level 3 spell: Dazzling Flash
   738 | D:2      | Found a runed translucent door.
   739 | D:2      | Noticed Crazy Yiuf
   967 | D:2      | Noticed Sigmund
   975 | D:2      | Killed Sigmund
   975 | D:2      | Reached skill level 1 in Fighting
   975 | D:2      | Reached skill level 1 in Short Blades
   975 | D:2      | Reached skill level 1 in Long Blades
   975 | D:2      | Reached skill level 1 in Axes
   975 | D:2      | Reached skill level 1 in Maces & Flails
   975 | D:2      | Reached skill level 1 in Polearms
   975 | D:2      | Reached skill level 1 in Staves
   975 | D:2      | Reached skill level 1 in Slings
   975 | D:2      | Reached skill level 1 in Bows
   975 | D:2      | Reached skill level 1 in Crossbows
   975 | D:2      | Reached skill level 1 in Throwing
   975 | D:2      | Reached skill level 1 in Armour
   975 | D:2      | Reached skill level 1 in Shields
   975 | D:2      | Reached skill level 1 in Unarmed Combat
   975 | D:2      | Reached skill level 1 in Hexes
   975 | D:2      | Reached skill level 1 in Summonings
   975 | D:2      | Reached skill level 1 in Necromancy
   975 | D:2      | Reached skill level 1 in Translocations
   975 | D:2      | Reached skill level 1 in Transmutations
   975 | D:2      | Reached skill level 1 in Fire Magic
   975 | D:2      | Reached skill level 1 in Ice Magic
   975 | D:2      | Reached skill level 1 in Air Magic
   975 | D:2      | Reached skill level 1 in Earth Magic
   975 | D:2      | Reached skill level 1 in Poison Magic
   975 | D:2      | Reached skill level 1 in Invocations
   975 | D:2      | Reached skill level 1 in Evocations
   975 | D:2      | Reached XP level 4. HP: 32/32 MP: 2/11
   975 | D:2      | Reached XP level 5. HP: 37/37 MP: 2/12
  1104 | D:2      | Found an opulent altar of Gozag.
  1661 | D:2      | Noticed Robin
  1670 | D:2      | Killed Robin
  1885 | D:2      | Killed Crazy Yiuf
  1885 | D:2      | Reached XP level 6. HP: 38/44 MP: 9/13
  1980 | D:1      | Learned a level 4 spell: Fulminant Prism
  1985 | D:1      | Learned a level 4 spell: Iskenderun's Mystic Blast
  2411 | D:1      | Reached skill level 5 in Dodging
  3098 | D:3      | Paralysed by a hobgoblin for 3 turns
  3190 | D:3      | Noticed an ice beast
  3203 | D:3      | Killed an ice beast
  3203 | D:3      | Reached XP level 7. HP: 28/50 MP: 10/15
  4596 | D:5      | Entered Level 5 of the Dungeon
  4890 | D:5      | Reached skill level 5 in Stealth
  5004 | D:5      | Reached XP level 8. HP: 40/57 MP: 8/16
  6547 | D:5      | Noticed a slime creature
  6559 | D:5      | Killed a slime creature
  6559 | D:5      | Reached XP level 9. HP: 65/65 MP: 2/18
  6986 | D:5      | Reached skill level 5 in Fighting
  6986 | D:5      | Reached skill level 5 in Short Blades
  6986 | D:5      | Reached skill level 5 in Long Blades
  6986 | D:5      | Reached skill level 5 in Axes
  6986 | D:5      | Reached skill level 5 in Maces & Flails
  6986 | D:5      | Reached skill level 5 in Polearms
  6986 | D:5      | Reached skill level 5 in Staves
  6986 | D:5      | Reached skill level 5 in Slings
  6986 | D:5      | Reached skill level 5 in Bows
  6986 | D:5      | Reached skill level 5 in Crossbows
  6986 | D:5      | Reached skill level 5 in Throwing
  6986 | D:5      | Reached skill level 5 in Armour
  6986 | D:5      | Reached skill level 5 in Shields
  6986 | D:5      | Reached skill level 5 in Unarmed Combat
  6986 | D:5      | Reached skill level 5 in Evocations
  6986 | D:5      | Reached XP level 10. HP: 76/76 MP: 18/21
  7264 | D:6      | Found an iron altar of Okawaru.
  7267 | D:6      | Found a bloodstained altar of Trog.
  7307 | D:6      | Found a shimmering blue altar of Sif Muna.
  7310 | D:6      | Became a worshipper of Sif Muna the Loreminder
  7340 | D:6      | Found a hide-covered altar of Uskayaw.
  7342 | D:6      | Found a sacrificial altar of Ru.
  7346 | D:6      | Found a basalt altar of Yredelemnul.
  7347 | D:6      | Found a shadowy altar of Dithmenos.
  7487 | D:6      | Found an opulent altar of Gozag.
  8240 | D:7      | Reached skill level 5 in Hexes
  8240 | D:7      | Reached skill level 5 in Summonings
  8240 | D:7      | Reached skill level 5 in Necromancy
  8240 | D:7      | Reached skill level 5 in Translocations
  8240 | D:7      | Reached skill level 5 in Transmutations
  8240 | D:7      | Reached skill level 5 in Fire Magic
  8240 | D:7      | Reached skill level 5 in Ice Magic
  8240 | D:7      | Reached skill level 5 in Air Magic
  8240 | D:7      | Reached skill level 5 in Earth Magic
  8240 | D:7      | Reached skill level 5 in Poison Magic
  8641 | D:7      | Noticed Prince Ribbit
  8646 | D:7      | Reached * piety under Sif Muna
  8656 | D:7      | Killed Prince Ribbit
  8671 | D:7      | Noticed Dowan
  8677 | D:7      | Noticed Duvessa
  8677 | D:7      | Killed Dowan
  8822 | D:7      | Killed Duvessa
  9044 | D:7      | Found a staircase to the Ecumenical Temple.
  9698 | D:8      | Noticed a two-headed ogre
  9707 | D:8      | Killed a two-headed ogre
  9707 | D:8      | Reached XP level 11. HP: 80/81 MP: 16/23
  9776 | D:8      | Paralysed by a hornet for 2 turns
 10137 | D:8      | Found Xatum's Magic Scroll Boutique.
 10145 | D:8      | Bought a scroll of enchant weapon for 105 gold pieces
 10145 | D:8      | Bought a scroll of blinking for 105 gold pieces
 10145 | D:8      | Bought a scroll of identify for 28 gold pieces
 10145 | D:8      | Bought a scroll of identify for 28 gold pieces
 10145 | D:8      | Bought a scroll of silence for 105 gold pieces
 10187 | D:8      | Reached ** piety under Sif Muna
 10189 | D:8      | Found Bynoty's Magic Scroll Boutique.
 10275 | D:8      | Bought a scroll of vulnerability for 112 gold pieces
 10275 | D:8      | Bought a scroll of identify for 30 gold pieces
 10284 | D:8      | Found Sakyoti's Weapon Shoppe.
 10603 | D:8      | Found Xekoj's Armour Shoppe.
 10898 | D:8      | Found a burning altar of Makhleb.
 10923 | D:8      | Found a snail-covered altar of Cheibriados.
 10924 | D:8      | Found a shimmering altar of Xom.
 11031 | D:8      | Found Ettoryqic's General Store.
 11456 | D:9      | Found a radiant altar of Vehumet.
 12080 | D:10     | Entered Level 10 of the Dungeon
 12274 | D:10     | Reached *** piety under Sif Muna
 13069 | D:10     | Identified the Almanac of the Blaze and the Oath
 13167 | D:10     | Found a runed translucent door.
 13167 | D:10     | Found a shimmering altar of Xom.
 13167 | D:10     | Noticed Sin92's ghost (journeyman DsFi)
 13167 | D:10     | Noticed a +1 hand axe of chaos
 13245 | D:11     | Noticed a manticore
 13255 | D:11     | Killed a manticore
 13427 | D:11     | Learned a level 5 spell: Metabolic Englaciation
 13833 | D:11     | Noticed a cyan ugly thing
 13969 | D:11     | Killed a cyan ugly thing
 14203 | D:11     | Reached **** piety under Sif Muna
 14507 | D:11     | Reached XP level 12. HP: 91/91 MP: 12/24
 15230 | D:11     | Found a staircase to the Orcish Mines.
 15409 | D:11     | Found a staircase to the Lair.
 16905 | D:13     | Noticed a two-headed ogre
 16914 | D:13     | Killed a two-headed ogre
 16936 | D:13     | Noticed a centaur warrior
 16946 | D:13     | Shot with an arrow by a centaur warrior

Illustrated notes

Levels and vault maps discovered:
D:1:      dpeg_cavernosity, layout_basic
D:2:      layout_basic, columned_hall_lemuel, grunt_gozag_breadcrumbs,
          uniq_robin, uniq_sigmund, uniq_crazy_yiuf_cottage
D:3:      minmay_wonky_spiral, layout_basic, st_stairs_14, minivault_14,
          wad_floor_pattern_1
D:4:      layout_loops_ring, enter_ossuary_1
D:5:      cheibrodos_fertilizer, layout_layer_cave
D:6:      kb_forest_paths, layout_loops_ring, kennysheep_mini_moat, minitemple,
          kennysheep_little_box
D:7:      corexii_shack_village, layout_loops_ring,
          minmay_temple_entry_junction_2, lightli_minifort, uniq_prince_ribbit1,
          uniq_duvessa
D:8:      layout_layer_cave, chequers_temple_overflow_statue_of_worship,
          serial_shops, nicolae_shop_competitors_out_of_business,
          nicolae_shop_stone, shop, shop, shop, serial_rivers,
          chequers_serial_rivers_micro_d, chequers_serial_rivers_room_b,
          chequers_serial_rivers_small_a, chequers_serial_rivers_room_b
D:9:      layout_long_grid, fiery_altar_vehumet
D:10:     layout_irregular_city, ebering_ghost_xom, minmay_diamond_spiral
D:11:     layout_stronghold, david_lair_shrubbed, zombieorc2_lemuel
D:12:     layout_long_grid
D:13:     layout_basic, uniq_sonja

Skill      XL: |  1  2  3  4  5  6  7  8  9 10 11 12 |
---------------+-------------------------------------+-----
Spellcasting   | 5 6 7 8 9 |  9.3
Fighting       | 1 2 3 5 6 7 |  7.7
Short Blades   | 1 2 3 5 6 7 |  7.7
Long Blades    | 1 2 3 5 6 7 |  7.7
Axes           | 1 2 3 5 6 7 |  7.7
Maces & Flails | 1 2 3 5 6 7 |  7.7
Polearms       | 1 2 3 5 6 7 |  7.7
Staves         | 1 2 3 5 6 7 |  7.7
Slings         | 1 2 3 5 6 7 |  7.7
Bows           | 1 2 3 5 6 7 |  7.7
Crossbows      | 1 2 3 5 6 7 |  7.7
Throwing       | 1 2 3 5 6 7 |  7.7
Armour         | 1 2 3 5 6 7 |  7.7
Shields        | 1 2 3 5 6 7 |  7.7
Unarmed Combat | 1 2 3 5 6 7 |  7.7
Hexes          | 1 2 3 4 5 6 |  6.4
Summonings     | 1 2 3 4 5 6 |  6.4
Necromancy     | 1 2 3 4 5 6 |  6.4
Translocations | 1 2 3 4 5 6 |  6.4
Transmutations | 1 2 3 4 5 6 |  6.4
Fire Magic     | 1 2 3 4 5 6 |  6.4
Ice Magic      | 1 2 3 4 5 6 |  6.4
Air Magic      | 1 2 3 4 5 6 |  6.4
Earth Magic    | 1 2 3 4 5 6 |  6.4
Poison Magic   | 1 2 3 4 5 6 |  6.4
Invocations    | 1 2 3 4 6 7 8 |  8.4
Evocations     | 1 2 3 5 6 7 |  7.7
Dodging        | 5 6 7 8 9 |  9.1
Stealth        | 5 7 8 |  8.9
Conjurations   | 8 9 |  9.6

Action                   |  1- 3 |  4- 6 |  7- 9 | 10-12 || total
-------------------------+-------+-------+-------+-------++-------
Melee: Short sword       |     8 |    55 |    48 |       ||   111
       Mace              |       |    87 |       |       ||    87
       Bite              |       |    13 |     6 |     5 ||    24
       Hand axe          |       |       |    17 |    32 ||    49
       Broad axe         |       |       |       |    29 ||    29
 Cast: Magic Dart        |    34 |    24 |    13 |     3 ||    74
       Searing Ray       |     2 |    17 |    23 |    83 ||   125
       Fulminant Prism   |       |       |    36 |   203 ||   239
       Iskenderun's Myst |       |       |       |    10 ||    10
       Metabolic Englaci |       |       |       |     2 ||     2
Invok: Channel Magic     |       |       |       |    12 ||    12
  Use: Scroll            |     1 |       |    12 |    10 ||    23
       Potion            |       |       |     1 |     3 ||     4
 Stab: Sleeping          |       |     4 |     4 |       ||     8
Armor: Robe              |    14 |    62 |    18 |    20 ||   114
       Troll leather arm |       |       |       |    20 ||    20
Dodge: Dodged            |    40 |   120 |    78 |   149 ||   387

Table legend: (Time is in decaauts)
 A = Elapsed time spent in this place.
 B = Non-inter-level travel time spent in this place.
 C = Inter-level travel time spent in this place.
 D = Time resting spent in this place.
 E = Time spent auto-exploring this place.
 F = Levels seen in this place.
 G = Mean time per level.
                   A        B        C        D        E       F      G
               +--------+--------+--------+--------+--------+-----+--------+
         Total |  17034 |  16353 |    681 |   2832 |  10688 |  13 | 1310.3 |
       Dungeon |  17034 |  16353 |    681 |   2832 |  10688 |  13 | 1310.3 |
               +--------+--------+--------+--------+--------+-----+--------+

Top non-repeatable levels by time:
    D:11: 2403 daAuts
     D:5: 2155 daAuts
     D:2: 1745 daAuts
     D:7: 1526 daAuts
    D:10: 1429 daAuts
     D:8: 1370 daAuts
     D:6: 1241 daAuts
     D:4: 1162 daAuts
     D:3: 1098 daAuts
     D:9: 950 daAuts
    D:12: 929 daAuts
     D:1: 914 daAuts
    D:13: 107 daAuts
